AoeStats
← 海旋风

QS Arena

503125774Analyzed
4v4 RM · 1mo ago on Aug 30, 2026· 60m 26s· 8 players
Game mode
Random Map
Map size
Large (8 player)
Population
200
Speed
Normal
Resources
Standard
Victory
Conquest
Starting age
Dark Age
Ending age
Imperial Age
RankedLock teamsTeams togetherTeam positionsShared explorationLock speedFull tech treeHidden civsTurbo modeCheats
Victory
Defeat
🇨🇿 Bohemians · Czechia
883
+15
🇨🇳 Franks · China
830
+17
🇦🇺 Ethiopians · Australia
817
+18
🇫🇷 Teutons · France
816
+18
🇨🇳 Aztecs · China
880
-24
🇮🇩 Burmese · Indonesia
867
-17
🇨🇳 Ethiopians · China
852
-20
🇮🇩 Cumans · Indonesia
817
-15
SimbaLeRoiDeLaJungle
5:13 Loom
8:15 Feudal Age
17:55 Castle Age
16:54 Double-Bit Axe
16:53 Horse Collar
20:04 Fletching
21:16 Bow Saw
23:02 Guard Tower
24:11 Ballistics
26:15 Masonry
32:59 Scale Mail Armor
33:09 Forging
37:38 Iron Casting
37:19 Chain Mail Armor
39:36 Imperial Age
38:01 Pikeman
44:21 Halberdier
49:08 Wheelbarrow
53:33 Heavy Plow
56:49 Blast Furnace
56:20 Plate Mail Armor
Wota
0:37 Loom
9:18 Feudal Age
9:47 Horse Collar
11:48 Double-Bit Axe
16:07 Wheelbarrow
18:32 Castle Age
17:19 Fletching
17:29 Padded Archer Armor
19:35 Caravan
20:14 Bow Saw
20:22 Crossbowman
21:22 Heavy Plow
21:19 Bodkin Arrow
27:16 Chemistry
28:19 Ballistics
28:56 Hand Cart
32:15 Imperial Age
30:13 Fortified Wall
30:30 Leather Archer Armor
30:28 Town Watch
30:36 Town Watch
31:00 Wagenburg Tactics
33:28 Arbalester
34:11 Bracer
34:41 Ring Archer Armor
34:34 Bombard Tower
35:34 Pikeman
36:17 Scale Mail Armor
36:28 Forging
36:50 Conscription
36:08 Elite Hussite Wagon
36:33 Halberdier
37:14 Squires
36:59 Arson
37:54 Chain Mail Armor
38:57 Iron Casting
45:13 Blast Furnace
46:11 Plate Mail Armor
51:11 Two-Man Saw
Cow
5:27 Loom
8:18 Feudal Age
8:54 Double-Bit Axe
9:05 Gold Mining
14:51 Horse Collar
18:29 Castle Age
17:13 Fletching
17:27 Padded Archer Armor
17:34 Arson
17:55 Stone Mining
20:56 Gold Shaft Mining
19:57 Crossbowman
20:58 Leather Archer Armor
22:01 Wheelbarrow
22:16 Ballistics
21:55 Bodkin Arrow
23:49 Caravan
24:35 Bow Saw
24:34 Squires
24:40 Scale Mail Armor
29:37 Forging
30:25 Chain Mail Armor
33:54 Iron Casting
33:34 Thumb Ring
36:37 Heavy Plow
42:57 Imperial Age
42:47 Royal Heirs
43:21 Elite Shotel Warrior
44:21 Conscription
45:42 Bracer
46:44 Blast Furnace
46:37 Plate Mail Armor
46:51 Arbalester
52:39 Ring Archer Armor
53:14 Chemistry
56:50 Two-Man Saw
58:20 Guilds
太子
5:08 Loom
8:55 Feudal Age
9:27 Double-Bit Axe
12:02 Loom
15:54 Castle Age
14:56 Scale Barding Armor
15:58 Forging
18:16 Loom
19:00 Gold Mining
19:00 Stone Mining
21:43 Wheelbarrow
27:16 Imperial Age
25:12 Husbandry
28:16 Scale Mail Armor
28:52 Iron Casting
28:38 Chain Barding Armor
28:09 Fletching
28:51 Cavalier
32:39 Paladin
33:03 Paladin
38:58 Gold Shaft Mining
41:02 Plate Barding Armor
41:28 Blast Furnace
40:26 Bodkin Arrow
40:49 Chain Mail Armor
45:17 Elite Throwing Axeman
52:36 Hoardings
55:17 #83
58:12 Masonry
58:00 Murder Holes
58:17 Fortified Wall
海旋风
10:45 Feudal Age
10:01 Loom
13:28 Double-Bit Axe
16:26 Castle Age
14:38 Horse Collar
18:02 Bow Saw
20:09 Wheelbarrow
20:21 Town Watch
21:44 Squires
22:23 Fortified Wall
23:12 Hand Cart
23:21 Heavy Plow
25:26 Town Patrol
32:02 Imperial Age
29:28 Arson
32:46 Torsion Engines
34:18 Fletching
34:29 Padded Archer Armor
34:35 Scale Barding Armor
34:30 Scale Mail Armor
34:41 Forging
35:38 Chemistry
34:36 Murder Holes
37:58 Guard Tower
37:37 Onager
37:49 Elite Skirmisher
38:36 Thumb Ring
39:17 Halberdier
41:22 Bodkin Arrow
Lagi Gabut
0:53 Loom
9:38 Feudal Age
20:30 Horse Collar
20:36 Double-Bit Axe
25:50 Castle Age
27:18 Bow Saw
27:12 Heavy Plow
27:12 Gold Mining
27:47 Capped Ram
29:41 Wheelbarrow
30:58 Hand Cart
33:18 Imperial Age
31:29 Masonry
31:15 Murder Holes
31:30 Scale Barding Armor
31:36 Forging
34:08 Cuman Mercenaries
33:28 Elite Kipchak
34:29 Conscription
34:45 Hoardings
34:11 Steppe Husbandry
35:46 Two-Man Saw
35:25 Crop Rotation
34:46 Siege Ram
36:43 Chain Barding Armor
36:59 Iron Casting
37:30 Chemistry
36:51 Ballistics
37:01 Elite Steppe Lancer
38:24 Plate Barding Armor
40:04 Gold Shaft Mining
39:20 Stone Mining
39:21 Onager
42:25 Blast Furnace
44:03 Fletching
44:34 Elite Skirmisher
46:58 Bodkin Arrow
47:05 Padded Archer Armor
50:16 Leather Archer Armor
51:41 Light Cavalry
52:32 Bloodlines
+62 | Farhan
10:17 Feudal Age
11:20 Horse Collar
16:32 Castle Age
14:26 Gold Mining
14:29 Stone Mining
17:51 Wheelbarrow
23:03 Gold Shaft Mining
23:36 Heavy Plow
24:05 Hand Cart
30:04 Imperial Age
27:50 Fletching
28:10 Forging
29:00 Ballistics
29:40 Pikeman
31:21 Scale Mail Armor
31:56 Iron Casting
31:28 Scale Barding Armor
31:19 Bodkin Arrow
31:32 Elite Battle Elephant
32:51 Howdah
32:56 Manipur Cavalry
33:42 Husbandry
33:53 Bloodlines
34:46 Blast Furnace
35:02 Chain Barding Armor
36:19 Conscription
43:14 Gambesons
43:29 Squires
43:15 Arson
42:53 Man-at-Arms
43:53 Chain Mail Armor
44:14 Plate Barding Armor
43:58 Long Swordsman
44:28 Two-Handed Swordsman
45:46 Plate Mail Armor
45:43 Champion
BOX SIX
5:03 Loom
8:01 Feudal Age
9:15 Double-Bit Axe
9:14 Horse Collar
12:54 Man-at-Arms
13:21 Arson
23:30 Castle Age
25:04 Long Swordsman
28:11 Gold Mining
Connection lost

Rejoining the realm…

Still unreachable

The connection could not be restored.

Session expired

The server has moved on; the page needs a fresh start.